 Dungeon Crawl Stone Soup version 0.28-a0-1213-g0243856f03 (webtiles) character file.

Game seed: 3639583802317161048

884 siradein the Caller (level 7, -17/42 (50) HPs)
             Began as a Purple Draconian Summoner on Dec 21, 2021.
             Demolished by a wight (19 damage)
             ... on level 5 of the Dungeon.
             The game lasted 00:15:06 (6412 turns).

siradein the Caller (Purple Draconian Summoner)     Turns: 6412, Time: 00:15:06

HP:   -17/42 (50)   AC:  6    Str: 11    XL:     7   Next: 76%
MP:   4/15          EV: 13    Int: 17    God:
Gold: 174           SH:  0    Dex: 11    Spells: 4/17 levels left

rFire   . . .      SeeInvis .   e - +0 spear (flame)
rCold   . . .      Faith    .   (no shield)
rNeg    . . .      Spirit   .   (armour unavailable)
rPois   .          Reflect  .   (helmet restricted)
rElec   .          Harm     .   (no cloak)
rCorr   .          Rampage  .   (no gloves)
Will    +....                   (no boots)
Stlth   ++........              (no amulet)
HPRegen 0.14/turn               (no ring)
MPRegen 0.14/turn               (no ring)

@: heavily drained
A: breathe power, AC +6, unfitting armour, cold-blooded
a: Breathe Dispelling Energy


You were on level 5 of the Dungeon.
You visited 2 branches of the dungeon, and saw 7 of its levels.

You collected 174 gold pieces.

Inventory:

Hand Weapons
 e - a +0 spear of flaming (weapon)
Scrolls
 c - 3 scrolls of identify {unknown}
 d - a scroll of noise {unknown}
 j - 2 scrolls of immolation {unknown}
 l - a scroll of blinking {unknown}
 m - a scroll of enchant weapon {unknown}
Potions
 a - 2 potions of flight {unknown}
 b - a potion of degeneration {unknown}
 f - 3 potions of curing {unknown}
 g - a potion of might {unknown}
 h - 2 potions of resistance {unknown}
 i - 3 potions of heal wounds {unknown}
 k - a potion of cancellation {unknown}


   Skills:
 + Level 4.7 Dodging
 - Level 1.7 Stealth
 + Level 5.8 Spellcasting
 + Level 2.2 Hexes
 + Level 6.3 Summonings
 + Level 0.6 Air Magic


You had 4 spell levels left.
You knew the following spells:

 Your Spells              Type           Power      Damage    Failure   Level
a - Summon Small Mammal   Summ           100%       N/A       1%          1
b - Call Imp              Summ           26%        N/A       1%          2
c - Call Canine Familiar  Summ           26%        N/A       3%          3
d - Summon Guardian Gole  Hex/Summ       19%        N/A       7%          3
e - Summon Lightning Spi  Summ/Air       16%        N/A       30%         4

Your spell library contained the following spells:

 Spells                   Type           Power      Damage    Failure   Level
 Animate Skeleton         Necr           8%         N/A       13%         1
 Apportation              Tloc           8%         N/A       13%         1
 Pain                     Necr           16%        1d4       13%         1
 Passwall                 Tmut/Erth      3%         N/A       21%         2
 Dazzling Flash           Conj/Hex       16%        N/A       26%         3
 Swiftness                Air            7%         N/A       30%         3
 Vampiric Draining        Necr           4%         2d6       36%         3
 Silence                  Hex/Air        4%         N/A       90%         5
 Agony                    Necr           4%         N/A       98%         5


Dungeon Overview and Level Annotations

Branches:
Dungeon (6/15)             Temple (1/1) D:5

Altars:
Ashenzari
Cheibriados
Dithmenos
Elyvilon
Fedhas
Gozag
Kikubaaqudgha
Makhleb
Nemelex Xobeh
Okawaru
Ru
Sif Muna
Trog
Xom
Yredelemnul
Zin
The Shining One


Innate Abilities, Weirdness & Mutations

You can breathe bolts of dispelling energy.
Your rich purple scales are hard. (AC +6)
You cannot fit into any form of body armour.
You are cold-blooded and may be slowed by cold attacks.


Message History

The wight hits you with a +0 great sword!
* * * LOW HITPOINT WARNING * * *
You feel drained.
Casting: Call Imp (safe; 1% risk of failure)
Confirm with . or Enter, or press ? or * to list all spells.
The wight barely misses you.
You swap places.
Your hound bites the wight.
The wight hits your hound with a +0 great sword.
You are too injured to fight recklessly!
You are too injured to fight recklessly!
Reach: e) +0 spear (flame)
Press: ? - help, Dir - move target, f - wight
Aim: a wight, wielding a +0 great sword and wearing a +0 robe (lightly damaged, ally target, about 43% to evade your +0 spear of flaming)
You could not reach far enough!
Your hound bites the wight but does no damage.
Your hound closely misses the wight.
The wight misses your hound.
Reach: e) +0 spear (flame)
Press: ? - help, Dir - move target, f/p - wight
Aim: a wight, wielding a +0 great sword and wearing a +0 robe (lightly damaged, ally target, about 43% to evade your +0 spear of flaming)
You could not reach far enough!
Your hound bites the wight but does no damage.
The wight barely misses your hound.
Reach: e) +0 spear (flame)
Press: ? - help, Dir - move target, f/p - wight
Aim: a wight, wielding a +0 great sword and wearing a +0 robe (lightly damaged, ally target, about 43% to evade your +0 spear of flaming)
You could not reach far enough!
Your hound bites the wight but does no damage.
The wight hits your hound with a +0 great sword!
Your hound dies!
Your hound's corpse disappears in a puff of smoke!
Reach: e) +0 spear (flame)
Press: ? - help, Dir - move target, f/p - wight
Aim: a wight, wielding a +0 great sword and wearing a +0 robe (lightly damaged, about 43% to evade your +0 spear of flaming)
You reach to attack!
You hit the wight. You burn the wight.
The wight is moderately damaged.
Unknown command.
Casting: Call Canine Familiar (dangerous; 3% risk of failure)
Confirm with . or Enter, or press ? or * to list all spells.
The wight hits you with a +0 great sword!!
You die...

#.#### #.# #####.#
#########.# #.#
#.#....
#.........# #.#
#......
#.##########
##.###.#....
#...>......#
#......#..#.
#.########.#
########..#. ###
#.# #..#. #z#
####. #@# ##### #.
#.# #...# #. #h#
#.### #. #.#
#.#########. #.#
#...........
#.#####.##########
#.......#
#######.# #.#


You could see a wight (ally target) and a friendly hound (summoned).

Vanquished Creatures
  Menkaure (D:5)
  A scorpion (D:5)
  A howler monkey (D:5)
  A centaur zombie (D:5)
  2 hounds
  An orc wizard (D:5)
  2 gnolls (D:3)
  4 adders
  An adder skeleton (D:5)
  A dart slug (D:4)
  5 orcs
  3 bats
  3 endoplasms (D:3)
  4 giant cockroaches
  5 hobgoblins
  4 quokkas
  11 ball pythons
  3 frilled lizards (D:1)
  10 goblins
  3 kobolds
  3 rats (D:3)
69 creatures vanquished.

Vanquished Creatures (collateral kills)
  An ice beast (D:5)
  The ghost of SensoryNuts the Skirmisher, an amateur DsFi (D:3)
  A water moccasin zombie (D:5)
  An orc priest (D:5)
  3 bullfrog skeletons (D:5)
  Ijyb (D:5)
  An adder (D:3)
  2 gnolls (D:3)
  An ufetubus (D:5)
  3 worms (D:3)
  2 orcs (D:5)
  A ball python (D:3)
  2 goblins
  2 hobgoblins
  A jackal (D:3)
  A quokka (D:5)
  2 kobolds
26 creatures vanquished.

Grand Total: 95 creatures vanquished

Notes
Turn   | Place    | Note
-------+----------+-------------------------------------------
     0 | D:1      | siradein the Draconian Summoner began the quest for the
                  | Orb.
     0 | D:1      | Reached XP level 1. HP: 14/14 MP: 3/3
   816 | D:1      | Reached XP level 2. HP: 16/20 MP: 5/5
   821 | D:1      | Learned a level 2 spell: Call Imp
  1296 | D:1      | Found a faded altar of an unknown god.
  1684 | D:2      | Found a white marble altar of Elyvilon.
  1810 | D:2      | Reached XP level 3. HP: 24/26 MP: 3/6
  2485 | D:2      | Learned a level 3 spell: Call Canine Familiar
  2624 | D:3      | Reached XP level 4. HP: 21/33 MP: 5/8
  3235 | D:3      | Reached XP level 5. HP: 29/38 MP: 4/9
  3243 | D:3      | Learned a level 3 spell: Summon Guardian Golem
  3496 | D:3      | Found a runed translucent door.
  3500 | D:3      | Noticed SensoryNuts's ghost (amateur DsFi)
  3505 | D:3      | Reached skill level 5 in Summonings
  3727 | D:3      | Found a runed translucent door.
  3845 | D:3      | Killed SensoryNuts's ghost
  4019 | D:4      | Reached XP level 6. HP: 45/45 MP: 9/11
  4319 | D:4      | Found a glowing silver altar of Zin.
  4784 | D:5      | Entered Level 5 of the Dungeon
  4860 | D:5      | Noticed an ice beast
  4886 | D:5      | Killed an ice beast
  5045 | D:5      | Your scales start taking on a rich purple colour.
  5045 | D:5      | Reached skill level 5 in Spellcasting
  5045 | D:5      | Reached XP level 7. HP: 38/50 MP: 9/14
  5158 | D:5      | Noticed Ijyb
  5218 | D:5      | Killed Ijyb
  5229 | D:5      | Reached skill level 1 in Hexes
  5229 | D:5      | Reached skill level 6 in Summonings
  5377 | D:5      | Noticed Menkaure
  5388 | D:5      | Killed Menkaure
  5715 | D:5      | Learned a level 4 spell: Summon Lightning Spire
  5998 | D:5      | Found a staircase to the Ecumenical Temple.
  6057 | Temple   | Entered the Ecumenical Temple
  6400 | D:5      | HP: 1/44 [wight (11)]
  6412 | D:5      | Demolished by a wight

Illustrated notes

Levels and vault maps discovered:
D:1:      lemuel_arrival_behind_the_door_large, layout_basic,
          chequers_ecumenical_altar_lobes, serial_glass, glass_columns_a,
          glass_columns_c, glass_columns_a, glass_columns_a, glass_columns_a,
          glass_columns_a, glass_columns_c, glass_columns_b, glass_columns_a,
          glass_columns_a, glass_columns_a, glass_columns_b, glass_columns_b,
          glass_columns_a, grunt_decor_cap, hex_tiny
D:2:      layout_loops_corners, basic_altar, glass_columns_a,
          kennysheep_generic_room_3
D:3:      layout_loops_ring, ebering_ghost_sewer_f, eino_curves_02,
          serial_park_tiny_2, hangedman_feature_mirror, minmay_diced_spiral
D:4:      nicolae_cairo_tiling_very_big, layout_basic,
          mainiacjoe_overflow_cross_hatched
D:5:      layout_basic, minmay_temple_entry_offerings, uniq_ijyb, uniq_menkaure
D:6:      layout_basic, serial_shops, nicolae_shop_waterfront, shop, shop,
          portal_sewer_entry_f
Temple:   nicolae_temple_elliptical

Skill      XL: |  1  2  3  4  5  6  7 |
---------------+----------------------+-----
Dodging        | 2 3 4 |  4.7
Spellcasting   | 3 5 |  5.8
Summonings     | 5 6 |  6.3
Hexes          | 2 |  2.2
Stealth        | |  1.7
Air Magic      | |  0.6

Action                   |  1- 3 |  4- 6 |  7- 9 || total
-------------------------+-------+-------+-------++-------
Melee: Dagger            |    72 |     1 |       ||    73
       Unarmed           |    12 |       |       ||    12
       Tailslap          |     6 |    11 |     2 ||    19
       Spear             |       |   127 |    64 ||   191
 Cast: Summon Small Mamm |     4 |       |       ||     4
       Call Imp          |     9 |    13 |     6 ||    28
       Call Canine Famil |       |     9 |     9 ||    18
 Abil: Breathe Dispellin |       |       |     2 ||     2
 Stab: Sleeping          |     1 |     6 |     1 ||     8
Armor: Skin              |    18 |    31 |    13 ||    62
Dodge: Dodged            |    51 |    72 |    43 ||   166

Table legend: (Time is in decaauts)
 A = Elapsed time spent in this place.
 B = Non-inter-level travel time spent in this place.
 C = Inter-level travel time spent in this place.
 D = Time resting spent in this place.
 E = Time spent auto-exploring this place.
 F = Levels seen in this place.
 G = Mean time per level.
                   A        B        C        D        E       F      G
               +--------+--------+--------+--------+--------+-----+--------+
         Total |   6438 |   6166 |    272 |    122 |   5088 |   7 |  919.7 |
       Dungeon |   6266 |   6018 |    248 |    122 |   4954 |   6 | 1044.3 |
        Temple |    171 |    147 |     24 |      0 |    134 |   1 |  171.0 |
               +--------+--------+--------+--------+--------+-----+--------+

Top non-repeatable levels by time:
     D:1: 1467 daAuts
     D:3: 1447 daAuts
     D:5: 1327 daAuts
     D:2: 1075 daAuts
     D:4: 932 daAuts
  Temple: 171 daAuts
     D:6: 16 daAuts
